 Dungeon Crawl Stone Soup version 0.30-a0-862-g1aabd4f9c5 (webtiles) character file.

Game seed: 8398873659728312492

9181 Zenkrye the Spear-Bearer (level 11, -1/87 HPs)
             Began as a Human Cinder Acolyte on Mar 8, 2023.
             Was a High Priest of Ignis.
             Succumbed to Amaemon's poison
             ... on level 7 of the Dungeon.
             The game lasted 00:33:21 (11387 turns).

Zenkrye the Spear-Bearer (Human Cinder Acolyte)    Turns: 11387, Time: 00:33:21

Health: -1/87      AC: 12    Str: 19    XL:     11   Next: 69%
Magic:  19/19      EV:  9    Int: 14    God:    Ignis [*****.]
Gold:   691        SH:  0    Dex:  9    Spells: 17/21 levels left

rFire   + . .      SeeInvis .    x - +4 spear (venom)
rCold   . . .      Faith    .    (no shield)
rNeg    + . .      Spirit   .    y - +0 scale mail
rPois   .          Reflect  .    e - +1 helmet
rElec   .          Rampage  .    D - +0 cloak
rCorr   .                        (no gloves)
Will    .....                    p - +0 pair of boots Stlth
                                 (no amulet)
HPRegen 0.34/turn                n - ring of positive energy
MPRegen 0.16/turn                (no ring)

@: lethally poisoned (-1 -> -6), wereblooded
A: no striking features
a: Renounce Religion, Fiery Armour, Foxfire Swarm, Rising Flame


You were on level 7 of the Dungeon.
You worshipped Ignis.
Ignis was extremely pleased with you.
You visited 1 branch of the dungeon, and saw 9 of its levels.

You collected 691 gold pieces.

Inventory:

Hand Weapons
 a - a -1 spear of flaming
 j - a +1 trident
 x - a +4 spear of venom (weapon)
Missiles
 v - 3 curare-tipped darts
 F - 8 poisoned darts
 I - 4 javelins (quivered)
Armour
 b - a +1 robe
 e - a +1 helmet (worn)
 g - a +0 ring mail
 m - a +0 chain mail
 p - a +0 pair of boots (worn)
 y - a +0 scale mail (worn)
 D - a +0 cloak (worn)
Jewellery
 n - a ring of positive energy (left hand)
Wands
 c - a wand of mindburst (12)
 k - a wand of flame (42)
 E - a wand of quicksilver (12)
 J - a wand of charming (4)
Scrolls
 d - a scroll of teleportation {@r3}
 h - a scroll of fear
 i - 2 scrolls of identify {@r1}
 o - 2 scrolls of enchant armour
 r - 2 scrolls of amnesia
 u - a scroll of fog
 A - a scroll of magic mapping {unknown}
 B - 2 scrolls of enchant weapon
 C - a scroll of brand weapon {unknown}
Potions
 f - a potion of brilliance
 l - 3 potions of mutation
 q - 4 potions of flight
 s - 3 potions of lignification
 t - 2 potions of attraction
 w - a potion of might {@q4}
 H - a potion of haste {@q3}
Miscellaneous
 L - a condenser vane (inert)


   Skills:
 + Level 8.9 Fighting
 + Level 12.9 Polearms
 - Level 5.0 Armour
 - Level 5.6 Spellcasting
 - Level 5.3 Transmutations
 - Level 5.0 Fire Magic


You had 17 spell levels left.
You knew the following spells:

 Your Spells              Type           Power      Damage    Failure   Level
a - Scorch                Fire           34%        2d6       9%          2
b - Wereblood             Tmut           18%        N/A       8%          2

Your spell library contained the following spells:

 Spells                   Type           Power      Damage    Failure   Level
 Necrotise                Necr           12%        1d4       43%         1
 Sublimation of Blood     Necr           3%         N/A       56%         2
 Vampiric Draining        Necr           3%         2d6       80%         3
 Agony                    Necr           3%         N/A       100%        5
 Summon Hydra             Summ           1%         N/A       100%        7


Dungeon Overview and Level Annotations

Branches:
Dungeon (9/15)             Temple (0/1) D:5            Lair (0/5) D:8
    Orc (0/2) D:9

Altars:
Ashenzari
Dithmenos
Elyvilon
Kikubaaqudgha
Nemelex Xobeh
Zin
The Shining One

Shops:
D:6 (

Annotations:
D:4 1 runed translucent door, Crazy Yiuf, Eustachio
D:5 Dowan


Message History

The orange demon stings you but does no damage.
You hit Amaemon.
Amaemon looks as sick as possible!
Amaemon is almost dead.
* * * LOW HITPOINT WARNING * * *
You feel very sick.
Unknown command.
You feel better. Amaemon hits you but does no damage.
You are poisoned.
Amaemon claws you but does no damage. Amaemon tail-slaps you.
* * * LOW HITPOINT WARNING * * *
You are more poisoned.
Amaemon poisons you! The orange demon stings you from afar.
* * * LOW HITPOINT WARNING * * *
Blink to where?
Press: ? - help, Dir - move target
As you read the scroll of blinking {@r4}, it crumbles to dust.
* * * LOW HITPOINT WARNING * * *
You feel very sick.
* * * LOW HITPOINT WARNING * * *
You feel very sick.
* * * LOW HITPOINT WARNING * * *
You feel very sick.
Okay, then.
Unknown command.
* * * LOW HITPOINT WARNING * * *
You feel very sick.
You kill Amaemon!
Training target 5.0 for Fire Magic reached!
Your Fire Magic skill increases to level 5!
* * * LOW HITPOINT WARNING * * *
You feel sick.
There is a stone staircase leading up here.
Okay, then.
Unknown command.
Okay, then.
Unknown command.
* * * LOW HITPOINT WARNING * * *
You feel sick.
You climb upwards.
You die...

#.# #.#
####.####.#
#.........#
#.#####.###
#####.# #.#
#.....# #.#
#.###.# #.#
#.#
#.#####.#
#@#
#.......#
#[#
###.#####
#[# #.# #.#
#.########
#.#
#........#
#.#
########.#
#.# #.# #.#
#.# # #.#
#.# #


There were no monsters in sight!

Vanquished Creatures
  Amaemon (D:8)
  Maurice (D:8)
  Psyche (D:8)
  A troll (D:7)
  A hornet (D:9)
  Sigmund (D:6)
  7 yaks (D:9)
  Menkaure (D:4)
  Edmund (D:4)
  A warg (D:9)
  A water moccasin (D:8)
  An acid dragon (D:9)
  Duvessa (D:5)
  5 orc warriors
  3 black bears
  2 ogres
  A centaur (D:9)
  2 kobold brigands
  A bullfrog (D:7)
  2 scorpions
  A gnoll sergeant (D:5)
  5 wights
  7 killer bees
  A howler monkey (D:9)
  3 jellies
  4 orc priests
  A gnoll bouda (D:3)
  2 sleepcaps
  3 iguanas
  Natasha (twice) (D:2)
  14 orc wizards
  Robin (D:2)
  18 gnolls
  4 adders
  A shadow imp (D:7)
  A white imp (D:5)
  3 ufetubi
  A worm (D:2)
  31 orcs
  8 endoplasms
  3 giant cockroaches
  13 goblins
  12 hobgoblins
  10 jackals (D:1)
  5 quokkas
  10 ball pythons
  7 bats
  5 frilled lizards
  9 kobolds
  3 rats
223 creatures vanquished.

Vanquished Creatures (collateral kills)
  An orc warrior (D:9)
  An orc priest (D:9)
2 creatures vanquished.

Vanquished Creatures (others)
  A hobgoblin (D:2)
  A butterfly (D:8)
  2 plants (D:8)
  4 withered plants (D:9)
8 creatures vanquished.

Grand Total: 233 creatures vanquished

Notes
Turn   | Place    | Note
-------+----------+-------------------------------------------
     0 | D:1      | Zenkrye the Human Cinder Acolyte began the quest for the
                  | Orb.
     0 | D:1      | Reached XP level 1. HP: 18/18 MP: 2/2
   129 | D:1      | Reached XP level 2. HP: 17/24 MP: 3/3
   162 | D:1      | Learned a level 2 spell: Scorch
   373 | D:1      | Reached skill level 4 in Polearms
   373 | D:1      | Reached XP level 3. HP: 28/29 MP: 4/4
   994 | D:1      | Reached XP level 4. HP: 20/35 MP: 2/5
  1433 | D:2      | Noticed Natasha
  1438 | D:2      | Killed Natasha
  1439 | D:2      | Reached skill level 5 in Polearms
  1694 | D:2      | Noticed Robin
  1706 | D:2      | Killed Robin
  1707 | D:2      | Reached XP level 5. HP: 41/41 MP: 1/6
  1716 | D:2      | Noticed Natasha
  1728 | D:2      | Killed Natasha
  2644 | D:3      | Reached skill level 6 in Polearms
  2646 | D:3      | Reached XP level 6. HP: 43/47 MP: 1/7
  2789 | D:3      | Found a broken altar of Ashenzari.
  3264 | D:4      | Noticed an ogre
  3376 | D:4      | Noticed Edmund
  3531 | D:3      | Killed an ogre
  3532 | D:3      | Reached skill level 7 in Polearms
  3737 | D:4      | Learned a level 2 spell: Wereblood
  3886 | D:4      | Noticed Eustachio
  3966 | D:5      | Entered Level 5 of the Dungeon
  4118 | D:5      | Reached XP level 7. HP: 50/52 MP: 2/8
  4304 | D:4      | Killed Edmund
  4305 | D:4      | Reached skill level 8 in Polearms
  5214 | D:4      | Found a runed translucent door.
  5215 | D:4      | Noticed Crazy Yiuf
  5279 | D:4      | Found a glowing silver altar of Zin.
  5298 | D:4      | Noticed Menkaure
  5314 | D:4      | Killed Menkaure
  5315 | D:4      | Reached XP level 8. HP: 39/58 MP: 2/9
  5568 | D:5      | Found a staircase to the Ecumenical Temple.
  5606 | D:5      | Reached skill level 9 in Polearms
  5739 | D:5      | Identified the +1 robe of Cata {Str+4}
  5893 | D:5      | Reached skill level 1 in Armour
  6137 | D:5      | Noticed Duvessa
  6137 | D:5      | Noticed Dowan
  6548 | D:6      | You fall into a shaft and drop 2 floors!
  6677 | D:7      | Noticed a troll
  6802 | D:6      | Noticed Sigmund
  6815 | D:6      | Killed Sigmund
  6816 | D:6      | Reached skill level 10 in Polearms
  6816 | D:6      | Reached XP level 9. HP: 60/66 MP: 10/10
  6867 | D:6      | Found a glowing golden altar of the Shining One.
  6867 | D:6      | Found a sparkling altar of Nemelex Xobeh.
  7078 | D:5      | Killed Duvessa
  7283 | D:6      | Found Xirej's Weapon Boutique.
  7471 | D:7      | Killed a troll
  7618 | D:7      | Reached skill level 5 in Fighting
  8242 | D:7      | Reached skill level 11 in Polearms
  8581 | D:7      | Reached skill level 12 in Polearms
  8581 | D:7      | Reached skill level 5 in Spellcasting
  8581 | D:7      | Reached skill level 5 in Transmutations
  8581 | D:7      | Reached XP level 10. HP: 80/80 MP: 12/18
  8882 | D:8      | Noticed Maurice
  8993 | D:8      | Found a staircase to the Lair.
  9140 | D:8      | Found a white marble altar of Elyvilon.
  9305 | D:8      | Noticed Psyche
  9329 | D:8      | Killed Psyche
  9330 | D:8      | Reached XP level 11. HP: 26/86 MP: 19/19
  9762 | D:8      | Killed Maurice
  9827 | D:8      | Noticed Amaemon
  9862 | D:9      | Found a shadowy altar of Dithmenos.
  9914 | D:9      | Found an ancient bone altar of Kikubaaqudgha.
 10230 | D:9      | Reached skill level 5 in Armour
 10815 | D:9      | Found a staircase to the Orcish Mines.
 11384 | D:8      | HP: 4/87 [poisoned by Amaemon]
 11384 | D:8      | Killed Amaemon
 11385 | D:8      | Reached skill level 5 in Fire Magic
 11386 | D:8      | HP: 1/87 [poisoned by Amaemon]
 11387 | D:7      | Succumbed to Amaemon's poison

Illustrated notes

Levels and vault maps discovered:
D:1:      noname_arrival_rooms_in_the_neighbourhood, layout_basic,
          serial_corexii_hall, corexii_hall_statues_l, corexii_hall_statues_i,
          minmay_heptomino_d4
D:2:      layout_basic, grunt_ministairs_7, minmay_misc_feat_plants,
          uniq_natasha, uniq_robin
D:3:      layout_loops_ring, nicolae_ashenzari_panopticon
D:4:      layout_basic, mainiacjoe_overflow_chevrons, uniq_crazy_yiuf_cottage,
          uniq_eustachio, uniq_menkaure, uniq_edmund
D:5:      layout_loops_cross, minmay_temple_entry_mini_moons, serial_rivers,
          chequers_serial_rivers_small_3, chequers_serial_rivers_small_3,
          chequers_serial_rivers_micro_d, chequers_serial_rivers_room_a,
          chequers_serial_rivers_micro_d, uniq_duvessa
D:6:      layout_basic, mainiacjoe_overflow_large_starburst, serial_shops,
          nicolae_shop_bloodbath_and_beyond, uniq_sigmund
D:7:      layout_loops_ring, kennysheep_generic_room_13
D:8:      layout_cave_pods, nicolae_elyvilon_peaceful_grove, dpeg_oklobed_lair,
          uniq_amaemon, uniq_maurice, uniq_psyche
D:9:      layout_rooms, grunt_dithmenos_smoke, kiku_gazebo_garden_becter,
          david_orc_1_choice, billiards_dpeg

Skill      XL: |  1  2  3  4  5  6  7  8  9 10 11 |
---------------+----------------------------------+-----
Polearms       | 4 5 6 7 8 10 12 | 12.9
Armour         | 2 4 5 |  5.0
Fighting       | 4 7 8 |  8.9
Spellcasting   | 5 |  5.6
Transmutations | 5 |  5.3
Fire Magic     | 5 |  5.0

Action                     |  1- 3 |  4- 6 |  7- 9 | 10-12 || total
---------------------------+-------+-------+-------+-------++-------
  Melee: Spear             |   171 |   118 |   354 |   238 ||   881
         Punch             |       |     2 |     2 |     1 ||     5
  Throw: Dart              |       |     3 |     3 |     6 ||    12
         Javelin           |       |       |       |     4 ||     4
         Throwing net      |       |       |       |     1 ||     1
   Cast: Scorch            |     3 |    27 |    39 |     9 ||    78
         Wereblood         |       |       |       |    12 ||    12
  Evoke: Wand              |       |       |     3 |     8 ||    11
         Condenser vane    |       |       |       |     1 ||     1
    Use: Scroll            |       |    12 |     8 |     5 ||    25
         Potion            |       |       |     1 |     5 ||     6
   Stab: Sleeping          |       |     1 |       |       ||     1
         Invisible         |       |       |       |     1 ||     1
         Confused          |       |       |       |     2 ||     2
         Held in net/web   |       |       |       |     1 ||     1
 Armour: Robe              |    30 |    16 |       |       ||    46
         Ring mail         |       |    16 |    26 |       ||    42
         Chain mail        |       |       |     7 |       ||     7
         Scale mail        |       |       |    39 |    89 ||   128
  Dodge: Dodged            |   102 |    47 |    82 |    61 ||   292

Table legend: (Time is in decaauts)
 A = Elapsed time spent in this place.
 B = Non-inter-level travel time spent in this place.
 C = Inter-level travel time spent in this place.
 D = Time resting spent in this place.
 E = Time spent auto-exploring this place.
 F = Levels seen in this place.
 G = Mean time per level.
                   A        B        C        D        E       F      G
               +--------+--------+--------+--------+--------+-----+--------+
         Total |  11104 |  10433 |    671 |   2093 |   6262 |   9 | 1233.8 |
       Dungeon |  11104 |  10433 |    671 |   2093 |   6262 |   9 | 1233.8 |
               +--------+--------+--------+--------+--------+-----+--------+

Top non-repeatable levels by time:
     D:8: 1476 daAuts
     D:3: 1427 daAuts
     D:5: 1396 daAuts
     D:2: 1370 daAuts
     D:4: 1366 daAuts
     D:7: 1250 daAuts
     D:1: 1130 daAuts
     D:9: 1044 daAuts
     D:6: 640 daAuts
